 Dungeon Crawl Stone Soup version 0.17-a0-2122-g03d97ec (webtiles) character file.

503 Oddball22 the Ducker (level 6, -2/49 HPs)
             Began as a Demonspawn Artificer on Oct 21, 2015.
             Killed by divine providence
             ... invoked by an orc priest
              (12 damage)
             ... on level 4 of the Dungeon.
             The game lasted 00:10:03 (3424 turns).

Oddball22 the Ducker (Demonspawn Artificer)         Turns: 3424, Time: 00:10:04

Health: -2/49      AC: 10    Str: 11    XL:     6   Next: 96%
Magic:  8/8        EV: 18    Int: 13    God:
Gold:   166        SH:  0    Dex: 16    Spells: 0 memorised, 5 levels left

rFire  . . .     SeeInvis .     i - +0 hand axe (elec)
rCold  + . .     Clarity  .     v - +3 leather armour
rNeg   . . .     SustAt   .     (no shield)
rPois  .         Gourm    .     u - +0 helmet
rElec  .         Spirit   .     j - +0 cloak
rCorr  .         Warding  .     p - +0 pair of gloves
rMut   .         Stasis   .     g - +0 pair of boots
MR     .....                    (no amulet)
Stlth  ++........               t - +2 ring of slaying
                                (no ring)

@: repel missiles, not resistant to hostile enchantments, unstealthy
A: repulsion field 3, cold resistance 1
a: no special abilities


You were on level 4 of the Dungeon.
You were hungry.

You visited 1 branch of the dungeon, and saw 4 of its levels.

You collected 166 gold pieces.

Inventory:

Hand Weapons
 i - a +0 hand axe of electrocution (weapon)
 l - a +0 short sword of protection
Armour
 g - a +0 pair of boots (worn)
 j - a +0 cloak (worn)
 p - a +0 pair of gloves (worn)
 u - a +0 helmet (worn)
 v - a +3 leather armour (worn)
Jewellery
 o - an uncursed ring of loudness
 t - a +2 ring of slaying (right hand)
Wands
 c - a wand of flame (15)
 d - a wand of enslavement (15)
 e - a wand of random effects (11)
Scrolls
 a - a scroll of teleportation
 m - 2 scrolls of identify
 r - 2 scrolls of remove curse
Potions
 h - 2 potions of brilliance {unknown}
 q - a potion of invisibility {unknown}
Comestibles
 f - 4 bread rations
 n - a royal jelly
 s - 2 fruits


   Skills:
 * Level 4.4 Fighting
 + Level 3.0 Short Blades
 + Level 4.6 Dodging
 - Level 0.8 Stealth
 - Level 3.0 Evocations


You had 5 spell levels left.
You didn't know any spells.

Dungeon Overview and Level Annotations

Branches:
Dungeon (4/15)
 Temple: D:4-7

Altars:
The Shining One


Innate Abilities, Weirdness & Mutations

You are surrounded by a strong repulsion field (EV +4, rMsl).
Your flesh is cold resistant.


Message History

The orc priest is lightly wounded.
The orc priest miscasts a cantrip.
The orc priest calls down the wrath of Beogh upon you.
Something smites you!
An orc wizard comes into view. It is wielding a dagger.
The orc wizard shouts!
You hit the orc priest.
The orc priest is moderately wounded.
The orc priest barely misses you.
You hit the orc priest.
The orc priest is moderately wounded.
The orc priest closely misses you.
You barely miss the orc priest.
The orc priest is moderately wounded.
The orc priest mumbles some strange prayers to Beogh against you.
Pain shoots through your body!
* * * LOW HITPOINT WARNING * * *
The orc priest invokes the aid of Beogh against you.
Something smites you!
You die...

..# ..# ## ####### ..#
... #.....# ..# ....
#.....# ### ...o.
#.....# ###
.oo...####o....# #.+
......ooo..oo### #.#
o.....######o# #.# #####
#@# #(# #.# #.# #.#
#.##############.#####
.....................#
................>....##
#.##################..#
#)############# #..##
#(............#######..#


You could see 3 orc priests and an orc wizard.

Vanquished Creatures
  The ghost of Enish the Carver, an amateur HEGl (D:3)
  A scorpion (D:4)
  A hound (D:4)
  A worker ant (D:4)
  4 orc priests (D:4)
  Robin (D:3)
  5 adders (D:2)
  3 oozes
  3 worms
  A giant gecko (D:2)
  2 orcs
  A ball python (D:3)
  12 bats
  7 giant cockroaches
  15 goblins
  7 hobgoblins
  9 kobolds
  4 quokkas
  5 giant newts
  3 jackals (D:3)
  7 rats
93 creatures vanquished.

Notes
Turn   | Place    | Note
--------------------------------------------------------------
     0 | D:1      | Oddball22 the Demonspawn Artificer began the quest for the Orb.
     0 | D:1      | Reached XP level 1. HP: 15/15 MP: 3/3
    29 | D:1      | Reached skill level 1 in Short Blades
   348 | D:1      | Gained mutation: You are surrounded by a mild repulsion field (EV +2). [demonic ancestry]
   348 | D:1      | Reached XP level 2. HP: 12/21 MP: 4/4
   893 | D:2      | Gained mutation: You are surrounded by a moderate repulsion field (EV +3). [demonic ancestry]
   893 | D:2      | Reached XP level 3. HP: 24/26 MP: 5/5
  1511 | D:2      | Gained mutation: You are surrounded by a strong repulsion field (EV +4, rMsl). [demonic ancestry]
  1511 | D:2      | Reached XP level 4. HP: 30/34 MP: 6/6
  2073 | D:2      | Found a glowing golden altar of the Shining One.
  2405 | D:3      | Noticed Enish's ghost (amateur HEGl)
  2410 | D:3      | Killed Enish's ghost
  2410 | D:3      | Reached skill level 4 in Dodging
  2410 | D:3      | Gained mutation: Your flesh is cold resistant. [demonic ancestry]
  2410 | D:3      | Reached XP level 5. HP: 37/41 MP: 7/7
  2600 | D:3      | Noticed Robin
  2636 | D:3      | Killed Robin
  2671 | D:3      | Reached XP level 6. HP: 44/47 MP: 8/8
  3424 | D:4      | Killed from afar by an orc priest

Vault maps used:
D:1:      eino_arrival_cavern_c, minmay_misc_feat_columns, kennysheep_boxes
D:2:      lemuel_coloured_pillars_altar
D:3:      uniq_robin
D:4:      first_bread

Action                   |  1- 3 |  4- 6 || total
-------------------------+-------+-------++-------
Melee: Hand axe          |   131 |   205 ||   336
       Short sword       |     3 |       ||     3
Evoke: Wand              |       |     4 ||     4
  Use: Scroll            |     5 |     3 ||     8
 Stab: Sleeping          |     1 |     1 ||     2
  Eat: Chunk             |     2 |     6 ||     8
